 Dungeon Crawl Stone Soup version 0.27-a0-409-gd57800a693 (webtiles) character file.

Game seed: 14139354914192579863

223 Chiseanne the Skirmisher (level 5, 0/44 HPs)
             Began as a Demonspawn Wanderer on Feb 23, 2021.
             Slain by an ogre
             ... wielding a +0 giant club
              (21 damage)
             ... on level 4 of the Dungeon.
             The game lasted 00:07:55 (2580 turns).

Chiseanne the Skirmisher (Demonspawn Wanderer)      Turns: 2580, Time: 00:07:55

Health: 0/44       AC: 10    Str: 13    XL:     5   Next: 66%
Magic:  5/5        EV: 10    Int: 14    God:
Gold:   151        SH:  0    Dex: 21    Spells: 4/4 levels left

rFire    + . .     SeeInvis .   a - +0 quarterstaff
rCold    x . .     Faith    .   (shield currently unavailable)
rNeg     + . .     Spirit   .   d - +0 ring mail
rPois    .         Reflect  .   q - +0 helmet
rElec    .         Harm     .   (no cloak)
rCorr    .         Rampage  .   i - +2 pair of gloves {Dex+3}
Will     .....                  (no boots)
Stlth    +.........             (no amulet)
HPRegen  0.14/turn              r - ring of the Philosopher {rF+ rC- rN+ Dex+6}
MPRegen  0.09/turn              (no ring)

@: hasted, very quick
A: demonic guardian 1, ignite blood 2
a: no special abilities


You were on level 4 of the Dungeon.
You visited 1 branch of the dungeon, and saw 4 of its levels.

You collected 151 gold pieces.

Inventory:

Hand Weapons
 a - a +0 quarterstaff (weapon)
 j - a +0 rapier
 s - a +2 dagger
Missiles
 e - 2 boomerangs (quivered)
 n - 23 arrows
Armour
 d - a +0 ring mail (worn)
 i - a +2 pair of gloves of dexterity (worn)
 q - a +0 helmet (worn)
Jewellery
 r - the ring of the Philosopher (left hand) {rF+ rC- rN+ Dex+6}
   (You found it on level 4 of the Dungeon)

   [ring of dexterity]

   It affects your dexterity (+6).
   It protects you from fire.
   It makes you vulnerable to cold.
   It protects you from negative energy.
Scrolls
 g - a scroll of teleportation
 k - 2 scrolls of blinking
 p - a scroll of amnesia
Potions
 h - a potion of mutation
 l - a potion of heal wounds {unknown}
 m - a potion of lignification {unknown}


   Skills:
 * Level 5.0 Fighting
 - Level 3.6 Staves
 - Level 1.0 Throwing
 * Level 3.6 Armour
 - Level 1.0 Evocations


You had 4 spell levels left.
You didn't know any spells.
Your spell library was empty.

Dungeon Overview and Level Annotations

Branches:
Dungeon (4/15)
 Temple: D:4-7

Altars:
Elyvilon
Zin


Innate Abilities, Weirdness & Mutations

A weak demonic guardian rushes to your aid.
Your demonic aura often causes spilled blood to erupt in flames


Message History

The gnoll barely misses you. The gnoll hits you but does no damage.
The gnoll hits you from afar with a +0 spear!
You are already wielding that!
A gnoll is nearby!
You hit the gnoll but do no damage. The gnoll hits you but does no damage.
You barely miss the gnoll. The gnoll barely misses you.
You barely miss the gnoll. The gnoll hits you with a +0 spear.
Throw: 2 darts (curare)
Press: ? - help, Q - select action, (/) - cycle Shift-Dir - straight line, f - gnoll
Aim: a gnoll, wielding a +0 flail (68% to hit)
You throw a curare-tipped dart. The curare-tipped dart hits the gnoll.
The gnoll is poisoned.
The gnoll convulses.
The gnoll seems to slow down.
The gnoll is almost dead.
You kill the gnoll!
Throw: dart (curare)
Press: ? - help, Q - select action, (/) - cycle Shift-Dir - straight line, f - gnoll
Aim: a gnoll, wielding a +0 spear (68% to hit)
You throw a curare-tipped dart. The curare-tipped dart hits the gnoll.
The gnoll is poisoned.
The gnoll convulses.
The gnoll seems to slow down.
The gnoll is heavily wounded.
You completely miss the gnoll.
The gnoll is heavily wounded.
The gnoll barely misses you.
You closely miss the gnoll.
The gnoll is heavily wounded.
The gnoll barely misses you.
You thump the gnoll!
You kill the gnoll!
Your Fighting skill increases to level 5!
Throw: 2 boomerangs
Press: ? - help, Q - select action Shift-Dir - straight line, f - ogre
Aim: an ogre, wielding a +0 giant club (77% to hit)
You throw a boomerang. The boomerang hits the ogre!
The ogre is moderately wounded.
The ogre hits you with a +0 giant club.
You feel yourself speed up.
The ogre hits you with a +0 giant club!!
You die...

*..##.#,,,,,,,#.#*.#,#
*>..#.#*******#.#*.#.#
#,#.#.# ##.##.#.#*
#.#O#.# #......#.#*
#..g.g## #..##.#**.#
###.)#g## #....## ##.
*#.###.## #.###.###..
#.## ##O#####.#
##.#.#.
##,**#@.......# ##.##.
**,#.######### ####.
*#.#* ####. ##* #....
#.##. #,*## *,* *,*
*,*


You could see an ogre.

Vanquished Creatures
  A necrophage (D:3)
  A worker ant (D:3)
  4 gnolls
  4 adders (D:3)
  2 worms
  2 dart slugs (D:3)
  4 leopard geckos
  An orc (D:4)
  4 bats
  A giant cockroach (D:4)
  A hobgoblin (D:1)
  5 jackals
  A quokka (D:4)
  A ball python (D:4)
  4 frilled lizards
  3 goblins
  3 kobolds
  A leopard gecko zombie (D:3)
  5 rats
48 creatures vanquished.

Notes
Turn   | Place    | Note
-------+----------+-------------------------------------------
     0 | D:1      | Chiseanne the Demonspawn Wanderer began the quest for the
                  | Orb.
     0 | D:1      | Chiseanne set off with the following items: a +2 dagger, 4
                  | curare-tipped darts, a +0 quarterstaff, a +0 ring mail
     0 | D:1      | Reached XP level 1. HP: 18/18 MP: 1/1
   231 | D:1      | Gained mutation: Your demonic aura sometimes causes spilled
                  | blood to erupt in flames [demonic ancestry]
   231 | D:1      | Reached XP level 2. HP: 24/24 MP: 2/2
   633 | D:3      | Gained mutation: A weak demonic guardian rushes to your
                  | aid. [demonic ancestry]
   633 | D:3      | Reached XP level 3. HP: 24/29 MP: 3/3
   655 | D:3      | Found a white marble altar of Elyvilon.
  1374 | D:3      | Reached skill level 4 in Fighting
  1472 | D:3      | Reached XP level 4. HP: 27/37 MP: 4/4
  1631 | D:3      | Found a glowing silver altar of Zin.
  1685 | D:4      | Noticed a necrophage
  1699 | D:3      | Killed a necrophage
  1700 | D:3      | Gained mutation: Your demonic aura often causes spilled
                  | blood to erupt in flames [demonic ancestry]
  1700 | D:3      | Reached XP level 5. HP: 20/43 MP: 5/5
  2398 | D:4      | Got a flickering pewter ring
  2399 | D:4      | Identified the ring of the Philosopher {rF+ rC- rN+ Dex+6}
                  | (You found it on level 4 of the Dungeon)
  2561 | D:4      | Noticed an ogre
  2579 | D:4      | Reached skill level 5 in Fighting
  2580 | D:4      | Slain by an ogre

Illustrated notes

Levels and vault maps discovered:
D:1:      lemuel_arrival_behind_the_door_small, layout_rooms, kennysheep_boxes
D:2:      layout_loops_ring, gammafunk_temple_overflow_elements
D:3:      layout_loops_corners, zin_statuary, nicolae_overflow_hidden_temple,
          elyvilon_altar_5, minmay_splitting_lines, dk_vineyard_2,
          minmay_randomly_rotated_circles, uniq_ijyb
D:4:      layout_loops_cross

Skill      XL: |  1  2  3  4  5 |
---------------+----------------+-----
Armour         | 2 3 |  3.6
Fighting       | 4 5 |  5.0
Staves         | |  3.6
Throwing       | |  1.0
Evocations     | |  1.0

Action                   |  1- 3 |  4- 6 || total
-------------------------+-------+-------++-------
Melee: Dagger            |   125 |    75 ||   200
       Quarterstaff      |       |    14 ||    14
Throw: Dart              |     3 |     6 ||     9
       Boomerang         |       |     1 ||     1
  Use: Scroll            |       |     8 ||     8
       Potion            |       |     1 ||     1
Armor: Ring mail         |    39 |    63 ||   102
Dodge: Dodged            |    60 |    73 ||   133

Table legend: (Time is in decaauts)
 A = Elapsed time spent in this place.
 B = Non-inter-level travel time spent in this place.
 C = Inter-level travel time spent in this place.
 D = Time resting spent in this place.
 E = Time spent auto-exploring this place.
 F = Levels seen in this place.
 G = Mean time per level.
                   A        B        C        D        E       F      G
               +--------+--------+--------+--------+--------+-----+--------+
         Total |   2583 |   2490 |     93 |   1356 |     12 |   4 |  645.8 |
       Dungeon |   2583 |   2490 |     93 |   1356 |     12 |   4 |  645.8 |
               +--------+--------+--------+--------+--------+-----+--------+

Top non-repeatable levels by time:
     D:3: 1092 daAuts
     D:2: 501 daAuts
     D:4: 495 daAuts
     D:1: 494 daAuts
